 Dungeon Crawl Stone Soup version 0.29.1-15-g9cfb28693d (webtiles) character file.

Game seed: 6660439683039704315

60 croobank the Sneak (level 3, -2/29 HPs)
             Began as a Demonspawn Delver on Mar 10, 2023.
             Slain by a gnoll
             ... wielding a +0 whip
              (6 damage)
             ... on level 2 of the Dungeon.
             The game lasted 00:04:49 (1379 turns).

croobank the Sneak (Demonspawn Delver)              Turns: 1379, Time: 00:04:50

Health: -2/29      AC:  5    Str: 12    XL:     3   Next: 82%
Magic:  3/3        EV: 12    Int: 13    God:
Gold:   98         SH:  0    Dex: 14    Spells: 2/2 levels left

rFire   . . .      SeeInvis .   a - +0 hand axe
rCold   . . .      Faith    .   (no shield)
rNeg    . . .      Spirit   .   b - +0 leather armour
rPois   .          Reflect  .   (no helmet)
rElec   .          Harm     .   (no cloak)
rCorr   .          Rampage  .   (no gloves)
Will    .....                   (no boots)
Stlth   +++.......              (no amulet)
HPRegen 0.09/turn               (no ring)
MPRegen 0.08/turn               (no ring)

@: no status effects
A: yellow scales 1, spiny 1
a: no special abilities


You were on level 2 of the Dungeon.
You visited 1 branch of the dungeon, and saw 6 of its levels.

You collected 98 gold pieces.

Inventory:

Hand Weapons
 a - a +0 hand axe (weapon)
 k - a +0 falchion
Missiles
 l - 6 datura-tipped darts (quivered)
 o - a throwing net
Armour
 b - a +0 leather armour (worn)
Jewellery
 j - a ring of ice
Wands
 g - a wand of digging (3)
Scrolls
 c - a scroll of fog
 d - a scroll of butterflies {unknown}
 e - 2 scrolls of fear
 i - 2 scrolls of identify {unknown}
 n - a scroll of summoning {unknown}
Potions
 f - a potion of haste
 h - a potion of heal wounds {unknown}
 m - 2 potions of resistance {unknown}


   Skills:
 + Level 3.5 Fighting
 + Level 2.4 Axes
 + Level 2.4 Dodging
 + Level 4.9 Stealth


You had 2 spell levels left.
You didn't know any spells.
Your spell library was empty.

Dungeon Overview and Level Annotations

Branches:
Dungeon (6/15)
 Temple: D:4-7

Altars:


Innate Abilities, Weirdness & Mutations

You are partially covered in yellow scales. (AC +2)
You are partially covered in sharp spines.


Message History

The adder attacks as you move away! The adder is struck by your spines.
The adder bites you but does no damage. The adder is struck by your spines.
The adder bites you but does no damage.
Things that are here:
a throwing net; a +0 mace
o - a throwing net The adder is struck by your spines.
You kill the adder!
You swing at nothing.
The gnoll misses you.
You closely miss the gnoll. The gnoll hits you with a +0 club.
You hit the gnoll.
The gnoll is moderately wounded.
The gnoll hits you with a +0 club.
You hit the gnoll.
The gnoll is heavily wounded.
The gnoll hits you with a +0 club.
* * * LOW HITPOINT WARNING * * *
You barely miss the gnoll.
The gnoll is heavily wounded.
The gnoll is struck by your spines. The gnoll hits you with a +0 club.
* * * LOW HITPOINT WARNING * * *
You hit the gnoll. You punch the gnoll.
You kill the gnoll!
The gnoll misses you.
You hit the gnoll.
The gnoll is moderately wounded.
The gnoll misses you.
You hit the gnoll.
The gnoll is heavily wounded.
The gnoll is struck by your spines. The gnoll hits you with a +0 whip.
* * * LOW HITPOINT WARNING * * *
You hit the gnoll.
The gnoll is severely wounded.
The gnoll hits you with a +0 whip.
* * * LOW HITPOINT WARNING * * *
You hit the gnoll.
The gnoll is almost dead.
The gnoll hits you with a +0 whip.
You die...

####
#..#########
#...g@.....#
##.########<#
##..# #.####
#)g## #....#
#$## ###..#
.......).# #
#..# .#
.######....
...##..#####..#
#.####
#........^...#
..#
####.....###.#


You could see a gnoll.

Vanquished Creatures
  2 gnolls (D:2)
  2 adders
  2 bats
  5 endoplasms
  A kobold (D:1)
  3 quokkas
  3 ball pythons
  2 frilled lizards
  A goblin (D:1)
  4 rats
25 creatures vanquished.

Notes
Turn   | Place    | Note
-------+----------+-------------------------------------------
     0 | D:5      | croobank the Demonspawn Delver began the quest for the Orb.
     0 | D:5      | Reached XP level 1. HP: 18/18 MP: 1/1
     2 | D:6      | Noticed an ice beast
    47 | D:5      | Noticed a centaur
    86 | D:5      | Gained mutation: You are partially covered in yellow
                  | scales. (AC +2) [demonic ancestry]
    86 | D:5      | Reached XP level 2. HP: 16/24 MP: 2/2
  1056 | D:1      | Found a faded altar of an unknown god.
  1162 | D:1      | Gained mutation: You are partially covered in sharp spines.
                  | [demonic ancestry]
  1162 | D:1      | Reached XP level 3. HP: 29/29 MP: 3/3
  1379 | D:2      | Slain by a gnoll

Illustrated notes

Levels and vault maps discovered:
D:1:      dpeg_arrival_court, layout_basic, ebering_ecumenical_altar_petrified
D:2:      layout_rooms, minmay_pentomino_t2
D:3:      cheibrodos_thug_alley, layout_basic,
          mainiacjoe_overflow_small_starburst
D:4:      layout_loops_ring, hangedman_minor_gate_pass
D:5:      layout_loops_corners, chequers_temple_overflow_minitemple
D:6:      layout_basic, jmf_multi_god_temple, sigmund_army

Skill      XL: |  1 |
---------------+----+-----
Axes           | 2 |  2.4
Dodging        | 2 |  2.4
Fighting       | |  3.5
Stealth        | |  4.9

Action                   || total
-------------------------++-------
Melee: Hand axe          ||    77
       Punch             ||     1
  Use: Scroll            ||     1
 Stab: Sleeping          ||     6
Armor: Leather armour    ||    31
Dodge: Dodged            ||    43
